 Dungeon Crawl Stone Soup version 0.27-a0-705-ga0013940fb (webtiles) character file.

Game seed: 16751314857236657595

809 spiderkeys the Poker (level 7, -4/93 HPs)
             Began as a Minotaur Berserker on Mar 22, 2021.
             Was an Elder of Trog.
             Slain by a mummy (11 damage)
             ... in an ossuary.
             The game lasted 00:06:26 (4174 turns).

spiderkeys the Poker (Minotaur Berserker)           Turns: 4174, Time: 00:06:27

Health: -4/93      AC:  8    Str: 23    XL:     7   Next: 61%
Magic:  6/6        EV: 11    Int:  4    God:    Trog [****..]
Gold:   180        SH:  0    Dex: 10    Spells: 6/6 levels left

rFire    . . .     SeeInvis .   a - +0 spear
rCold    . . .     Faith    .   (no shield)
rNeg     . . .     Spirit   .   f - +1 scale mail
rPois    .         Reflect  .   (helmet restricted)
rElec    .         Harm     .   (no cloak)
rCorr    .         Rampage  .   (no gloves)
Will     .....                  (no boots)
Stlth    ..........             (no amulet)
HPRegen  0.25/turn              (no ring)
MPRegen  0.10/turn              (no ring)

@: berserking, very quick
A: horns 2, retaliatory headbutt
a: Renounce Religion, Berserk, Trog's Hand, Brothers in Arms


You were in an ossuary.
You worshipped Trog.
Trog was greatly pleased with you.
You visited 1 branch of the dungeon, and saw 4 of its levels.
You also visited: Sewer and Ossuary.

You collected 180 gold pieces.

Inventory:

Hand Weapons
 a - a +0 spear (weapon)
Armour
 f - a +1 scale mail (worn)
Jewellery
 c - a ring of positive energy
Wands
 p - a wand of polymorph (11)
Scrolls
 i - a scroll of silence {unknown}
Potions
 b - a potion of ambrosia
 d - a potion of cancellation {unknown}
 e - a potion of resistance {unknown}
 g - a potion of degeneration {unknown}
 h - a potion of mutation {unknown}
 j - 2 potions of might {unknown}
 k - 4 potions of curing
 l - 3 potions of brilliance {unknown}
 m - 5 potions of heal wounds


   Skills:
 + Level 5.7 Fighting
 * Level 7.4 Polearms
 + Level 5.1 Armour
 + Level 4.7 Dodging


You had 6 spell levels left.
You didn't know any spells.
Your spell library contained the following spells:

 Spells                   Type           Power      Damage    Failure   Level
 Animate Skeleton         Necr           0%         N/A       80%         1
 Apportation              Tloc           0%         N/A       80%         1
 Corona                   Hex            0%         N/A       80%         1
 Summon Small Mammal      Summ           0%         N/A       80%         1


Dungeon Overview and Level Annotations

Branches:
Dungeon (4/15)              Sewer (visited)         Ossuary (1/1)
 Temple: D:4-7

Altars:


Innate Abilities, Weirdness & Mutations

You have a pair of horns on your head.
You reflexively headbutt those who attack you in melee.


Message History

Found a sand-covered staircase.
The orc shouts!
You hear the rapid hiss of an avalanche of sand.
The orc hits you but does no damage. The orc barely misses you.
The orc hits you with a +0 falchion. The orc hits you with a +0 dagger.
The orc hits you but does no damage. The orc closely misses you.
The ooze freezes you.
You are frozen.
There is a sand-covered staircase here.
The ooze barely misses you.
The world spins around you as you enter the gateway.
You enter an ossuary! 3 mummies and a zombie come into view.
Found a gate leading back out of this place.
There is an empty arch of ancient stone here.
You hit the mummy. You headbutt the mummy.
The mummy is lightly damaged.
The mummy hits you! The mummy misses you. You furiously retaliate!
You headbutt the mummy. The mummy hits you!
* * * LOW HITPOINT WARNING * * *
You are too injured to fight recklessly!
A red film seems to cover your vision as you go berserk!
You feel yourself moving faster!
You feel mighty!
You puncture the mummy! Your headbutt misses the mummy.
The mummy is heavily damaged.
The mummy hits you!
* * * LOW HITPOINT WARNING * * *
The mummy hits you.
* * * LOW HITPOINT WARNING * * *
The mummy misses you.
You puncture the mummy!
You destroy the mummy!
Trog accepts your kill.
You barely miss the mummy. You barely miss the mummy.
The mummy is moderately damaged.
The mummy hits you!
You die...

#
###########.#
##............
#..M..........
#..@Z.∩.∩.....
#..M......^^^^
##........^.^.
###########.#
#


You could see 2 mummies and a centaur zombie.

Vanquished Creatures
  Sigmund (D:4)
  Menkaure (D:4)
  Edmund (D:4)
  An orc priest (D:4)
  A hound (D:4)
  An iguana (D:4)
  An orc wizard (D:4)
  2 worker ants (D:4)
  A mummy (Ossuary)
  Robin (D:2)
  5 adders
  4 river rats (Sewer)
  A worm (D:2)
  2 dart slugs
  10 orcs (D:4)
  7 giant cockroaches
  6 hobgoblins
  10 jackals
  22 kobolds
  6 oozes
  5 quokkas
  13 ball pythons
  4 bats
  4 frilled lizards
  11 goblins
  24 rats
145 creatures vanquished.

Vanquished Creatures (collateral kills)
  A giant cockroach (D:4)
1 creature vanquished.

Grand Total: 146 creatures vanquished

Notes
Turn   | Place    | Note
-------+----------+-------------------------------------------
     0 | D:1      | spiderkeys the Minotaur Berserker began the quest for the
                  | Orb.
     0 | D:1      | Reached XP level 1. HP: 19/19 MP: 0/0
   122 | D:1      | You fall into a shaft and drop 1 floor!
   131 | D:2      | Reached XP level 2. HP: 27/27 MP: 1/1
   252 | D:2      | Reached skill level 4 in Polearms
   535 | D:1      | Reached ** piety under Trog
   676 | D:1      | Reached XP level 3. HP: 33/33 MP: 2/2
  1522 | D:2      | Noticed Robin
  1536 | D:2      | Killed Robin
  1537 | D:2      | Reached XP level 4. HP: 29/40 MP: 3/3
  2435 | D:3      | Reached skill level 5 in Polearms
  2437 | D:3      | Reached *** piety under Trog
  2446 | D:3      | Found a glowing drain.
  2450 | Sewer    | Entered a sewer
  2773 | Sewer    | Reached XP level 5. HP: 45/47 MP: 4/4
  2902 | Sewer    | Reached **** piety under Trog
  3649 | D:4      | Noticed Sigmund
  3682 | D:4      | Killed Sigmund
  3683 | D:4      | Reached skill level 5 in Fighting
  3683 | D:4      | Reached skill level 6 in Polearms
  3683 | D:4      | Reached XP level 6. HP: 45/56 MP: 5/5
  3890 | D:4      | Noticed Edmund
  3912 | D:4      | Killed Edmund
  3913 | D:4      | Reached XP level 7. HP: 33/61 MP: 6/6
  3919 | D:4      | Reached skill level 7 in Polearms
  4030 | D:4      | Noticed Menkaure
  4042 | D:4      | Killed Menkaure
  4043 | D:4      | Reached skill level 5 in Armour
  4154 | D:4      | Found a sand-covered staircase.
  4165 | Ossuary  | Entered an ossuary
  4174 | Ossuary  | Slain by a mummy

Illustrated notes

Levels and vault maps discovered:
D:1:      dpeg_arrival_rooms_b, layout_basic
D:2:      layout_loops_cross, uniq_robin
D:3:      layout_loops_ring, gup_sewer_entry_bowl
D:4:      layout_basic, nicolae_ossuary_entry_ruins, uniq_menkaure,
          uniq_sigmund, uniq_edmund
Ossuary:  ossuary_the_hunt_dpeg

Skill      XL: |  1  2  3  4  5  6  7 |
---------------+----------------------+-----
Polearms       | 4 5 6 7 |  7.4
Fighting       | 4 5 |  5.7
Armour         | 3 4 5 |  5.1
Dodging        | 3 4 |  4.7

Action                   |  1- 3 |  4- 6 |  7- 9 || total
-------------------------+-------+-------+-------++-------
Melee: Spear             |   113 |   225 |    37 ||   375
       Headbutt          |    22 |    30 |     6 ||    58
Invok: Berserk           |     1 |     2 |     3 ||     6
       Trog's Hand       |       |       |     1 ||     1
  Use: Scroll            |       |     8 |       ||     8
Armor: Animal skin       |     7 |       |       ||     7
       Scale mail        |     8 |    54 |    17 ||    79
Dodge: Dodged            |    40 |    87 |    23 ||   150

Table legend: (Time is in decaauts)
 A = Elapsed time spent in this place.
 B = Non-inter-level travel time spent in this place.
 C = Inter-level travel time spent in this place.
 D = Time resting spent in this place.
 E = Time spent auto-exploring this place.
 F = Levels seen in this place.
 G = Mean time per level.
                   A        B        C        D        E       F      G
               +--------+--------+--------+--------+--------+-----+--------+
         Total |   4184 |   3843 |    341 |    466 |   2359 |   6 |  697.3 |
       Dungeon |   3405 |   3064 |    341 |    466 |   1763 |   4 |  851.2 |
         Sewer |    771 |    771 |      0 |      0 |    595 |   1 |  771.0 |
       Ossuary |      6 |      6 |      0 |      0 |      0 |   1 |    6.0 |
               +--------+--------+--------+--------+--------+-----+--------+

Top non-repeatable levels by time:
     D:1: 1091 daAuts
     D:2: 907 daAuts
     D:3: 832 daAuts
   Sewer: 771 daAuts
     D:4: 573 daAuts
 Ossuary: 6 daAuts
